Map: Nightscape CE

Players

Ekelpack - Winner!

  • Race: Zerg Zerg
  • Spawn Location: 1:00

Nyck - Winner!

  • Race: Terran Terran
  • Spawn Location: 1:00

Dimster

  • Race: Zerg Zerg
  • Spawn Location: 7:00

Саша

  • Race: Zerg Zerg
  • Spawn Location: 7:00

VOD

Have the link to the VOD?

Description

Time

  • Played on: Oct. 8, 2024, 2:38 p.m.
  • Length: 18:33
Show
View Real Time Build Order
Export as new Build Order

Ekelpack Zerg - Winner!

Build Orders: Hatch First 

Get SALT Encoding   

  12  0:00  Drone  
  13  0:13  Overlord  
  13  0:18  Drone  
  14  0:32  Drone  
  15  0:45  Drone  
  16  0:50  Hatchery  
  15  1:03  Spawning Pool  
  14  1:06  Drone  
  14  1:10  Extractor  
  14  1:12  Drone  
  14  1:15  Drone  
  16  1:19  Drone  
  17  1:28  Drone  
  18  1:39  Drone  
  19  1:50  Queen  
  19  1:51  Overlord  
  21  2:03  Queen  
  21  2:05  Drone  
  24  2:08  Drone  
  24  2:12  Drone  
  24  2:15  Drone  
  27  2:27  Extractor  
  26  2:30  Lair  
  26  2:32  Drone  
  26  2:36  Drone  
  26  2:37  Drone  
  29  2:39  Drone  
  29  2:41  Extractor  
  29  2:46  Queen  
  31  2:53  Drone  
  31  2:55  Drone  
  34  2:58  Drone  
  34  3:01  Drone x2  
  36  3:11  Overlord  
  36  3:14  Drone, Extractor  
  36  3:32  Zergling x4  
  38  3:38  Zergling x8  
  38  3:40  Metabolic Boost  
  42  3:45  Spire  
  41  3:52  Zergling x2, Overlord  
  42  3:57  Drone x2  
  44  4:04  Overlord  
  44  4:15  Drone x3  
  47  4:22  Overlord  
  47  4:25  Drone  
  35  4:58  Mutalisk x4  
  35  4:59  Mutalisk x3  
  49  5:09  Drone x3  
  52  5:23  Queen  
  54  5:33  Drone  
  54  5:34  Drone x4  
  59  5:42  Drone  
  60  6:18  Mutalisk x4  
  60  6:20  Overlord x2  
  68  6:40  Mutalisk x2  
  72  6:51  Drone  
  73  6:54  Hatchery  
  72  7:05  Overlord, Mutalisk x4  
  72  7:06  Mutalisk x2  
  84  7:11  Overlord x2  
  82  7:25  Overlord x2  
  82  7:43  Zergling x8  
  86  7:49  Queen  
  84  8:14  Mutalisk x5  
  84  8:15  Mutalisk  
  94  8:32  Zerg Flyer Weapons Level 1  
  94  8:36  Drone x4  
  94  8:37  Drone x2  
  93  9:05  Drone x2  
  93  9:06  Drone  
  93  9:07  Extractor  
  93  9:09  Extractor  
  92  9:18  Drone x4  
  92  9:19  Drone x5  
  93  9:50  Drone x4  
  93  9:51  Mutalisk x4  
  105  10:06  Hatchery  
  104  10:11  Mutalisk x2  
  100  10:26  Zerg Flyer Armor Level 1  
  100  10:33  Infestation Pit  
  99  10:36  Queen  
  99  10:42  Overlord x3, Mutalisk  
  101  10:43  Mutalisk x6  
  101  10:44  Mutalisk x4  
  123  11:01  Zergling x6  
  123  11:02  Zergling x2, Overlord, Mutalisk x2  
  131  11:22  Overlord x2, Mutalisk x3  
  131  11:23  Mutalisk x2  
  131  11:24  Zergling x4  
  143  11:30  Zergling x10  
  142  11:53  Mutalisk  
  142  11:54  Mutalisk x4  
  140  11:56  Drone  
  140  11:57  Drone x6  
  140  11:58  Drone x2  
  159  12:01  Overlord x3  
  159  12:02  Overlord  
  159  12:03  Pneumatized Carapace  
  157  12:24  Zerg Flyer Weapons Level 2  
  157  12:29  Zergling x2  
  158  12:34  Extractor  
  158  12:35  Extractor  
  157  12:44  Zergling x10  
  157  12:45  Zergling x12  
  157  12:49  Evolution Chamber  
  166  12:52  Hive, Evolution Chamber  
  166  12:56  Zergling x2  
  166  12:57  Zergling x8  
  170  13:19  Zerg Melee Weapons Level 1, Zerg Ground Armor Level 1  
  164  13:50  Drone x3  
  168  14:02  Drone  
  168  14:16  Ultralisk Cavern  
  167  14:19  Zergling x12  
  167  14:20  Zergling x12  
  167  14:21  Zergling x10  
  167  14:22  Zergling x4  
  186  14:29  Queen  
  188  14:40  Adrenal Glands  
  182  15:07  Ultralisk x3  
  200  15:16  Anabolic Synthesis  
  200  15:18  Zerg Melee Weapons Level 2, Zerg Ground Armor Level 2  
  200  15:21  Overseer  
  197  15:40  Ultralisk x2  
  185  15:49  Ultralisk x2  
  195  15:59  Chitinous Plating  
  194  17:19  Hatchery  
  171  17:32  Ultralisk  
  171  17:33  Ultralisk x5  
  179  17:39  Ultralisk x4  
  194  17:44  Extractor  
  194  17:45  Ultralisk  
  194  17:47  Extractor  
  194  17:51  Zergling x8  
Show
View Real Time Build Order
Export as new Build Order

Nyck Terran - Winner!

Build Orders: 2 Factory 

Get SALT Encoding   

  12  0:00  SCV  
  13  0:13  Supply Depot  
  13  0:18  SCV  
  14  0:30  SCV  
  15  0:38  Barracks  
  15  0:42  SCV  
  16  0:46  Refinery  
  16  0:55  SCV  
  17  1:07  SCV  
  18  1:20  Refinery, Barracks  
  18  1:24  Orbital Command  
  18  1:30  Reaper  
  19  1:50  SCV  
  20  1:58  Supply Depot  
  20  2:06  Barracks Tech Lab  
  20  2:08  Barracks Reactor  
  20  2:10  SCV  
  20  2:15  Supply Depot  
  21  2:19  Factory  
  21  2:26  Marine  
  21  2:29  Combat Shield  
  22  2:43  SCV  
  22  2:44  Marine x3  
  26  2:55  SCV  
  27  3:02  Marine  
  27  3:04  Factory Reactor  
  28  3:06  Factory  
  28  3:07  SCV  
  28  3:08  Marine  
  31  3:20  SCV  
  27  3:40  Marine x3  
  29  3:43  Hellion x2  
  29  3:47  SCV  
  34  4:08  Supply Depot  
  34  4:12  Hellion x2  
  38  4:22  Hellion x2  
  42  4:33  Hellion x2  
  46  4:43  Hellion  
  45  5:05  Barracks Tech Lab  
  45  5:08  Barracks Tech Lab  
  45  5:11  Hellion x3  
  45  5:12  Hellion  
  53  5:27  Supply Depot  
  53  5:31  Command Center  
  53  5:44  SCV  
  54  5:50  Supply Depot, Engineering Bay  
  54  5:51  Engineering Bay  
  54  5:54  Infernal Pre-Igniter  
  54  5:56  SCV  
  55  6:14  Supply Depot  
  55  6:21  SCV  
  55  6:24  Hellion x2  
  55  6:25  Hellion  
  62  6:35  Refinery  
  62  6:37  Supply Depot  
  62  6:39  Armory  
  62  6:44  SCV  
  63  6:53  Orbital Command  
  63  7:03  SCV  
  64  7:12  Starport  
  64  7:13  Terran Infantry Weapons Level 1  
  64  7:15  SCV  
  66  7:22  SCV  
  66  7:27  SCV  
  67  7:30  Refinery  
  67  7:35  SCV  
  68  7:39  SCV  
  68  7:43  Terran Infantry Armor Level 1  
  69  7:47  SCV  
  70  7:51  SCV  
  71  7:59  SCV  
  71  8:03  SCV  
  73  8:11  SCV  
  68  8:15  SCV  
  61  8:23  SCV  
  62  8:27  SCV  
  63  8:35  SCV  
  63  8:37  Hellion x3  
  63  8:40  SCV  
  71  8:47  SCV  
  72  8:51  Command Center  
  72  8:52  SCV  
  73  8:58  Hellion x3  
  73  8:59  SCV  
  80  9:04  SCV  
  81  9:11  SCV, Starport  
  82  9:19  Hellion  
  82  9:20  Liberator, Hellion x2  
  89  9:41  Hellion x3  
  89  9:44  SCV  
  89  9:45  SCV  
  95  9:56  SCV, Liberator  
  95  9:57  SCV  
  100  10:00  Terran Infantry Armor Level 2, Terran Infantry Weapons Level 2  
  100  10:01  Starport  
  100  10:02  Hellion  
  100  10:03  Terran Vehicle And Ship Armor Level 1  
  100  10:06  Armory  
  102  10:23  SCV x2  
  104  10:43  Refinery  
  104  10:45  Starport Tech Lab  
  104  10:46  Starport Tech Lab x2  
  104  11:10  SCV x2  
  106  11:13  SCV  
  107  11:22  SCV x2  
  107  11:23  Banshee x2  
  115  11:26  SCV  
  115  11:29  Banshee  
  115  11:30  Supply Depot  
  115  11:32  Refinery  
  119  11:34  SCV  
  119  11:36  SCV  
  119  11:38  SCV  
  122  11:45  Cloaking Field  
  122  11:46  SCV  
  123  11:48  Supply Depot, SCV  
  123  11:50  SCV  
  123  11:54  Supply Depot  
  125  11:57  Supply Depot  
  125  11:58  Terran Ship Weapons Level 1  
  125  11:59  Terran Vehicle And Ship Armor Level 2  
  126  12:05  Banshee  
  126  12:06  Banshee  
  132  12:10  Planetary Fortress, Supply Depot  
  132  12:12  Banshee  
  134  12:20  Supply Depot  
  134  12:33  Supply Depot  
  134  12:39  Command Center  
  134  12:40  Starport  
  134  12:44  Supply Depot  
  134  12:46  SCV x3  
  134  12:48  Banshee x2  
  143  12:54  Missile Turret, Banshee  
  143  12:58  SCV x3  
  149  12:59  Terran Infantry Weapons Level 3  
  149  13:00  Terran Infantry Armor Level 3  
  149  13:06  Supply Depot  
  149  13:19  Starport Tech Lab, Starport  
  149  13:23  Fusion Core  
  149  13:25  Hyperflight Rotors, SCV x3  
  152  13:30  Supply Depot  
  152  13:31  Banshee x2  
  158  13:37  SCV, Banshee  
  158  13:39  Banshee  
  165  13:52  Refinery  
  165  13:56  Planetary Fortress  
  165  13:57  Starport  
  165  14:00  Refinery  
  165  14:12  Command Center  
  165  14:13  Starport Tech Lab  
  165  14:14  Banshee x2  
  171  14:20  Banshee  
  171  14:22  Terran Ship Weapons Level 2, Command Center, Banshee  
  171  14:24  Terran Vehicle And Ship Armor Level 3  
  177  14:32  Advanced Ballistics  
  177  14:34  Banshee  
  180  14:42  SCV x3  
  180  14:43  SCV  
  184  14:54  SCV x2  
  184  14:55  SCV  
  184  14:57  Banshee x2  
  193  15:01  SCV  
  193  15:03  Banshee  
  193  15:05  Banshee  
  200  15:08  Refinery  
  200  15:12  Refinery  
  190  15:51  Banshee  
  190  15:52  Banshee x2  
  175  16:43  Banshee x5  
  172  17:26  Banshee x5  
Show
View Real Time Build Order
Export as new Build Order

Dimster Zerg 

Build Orders: Hatch First 

Get SALT Encoding   

  12  0:00  Drone  
  13  0:17  Extractor  
  13  0:19  Extractor  
  11  0:21  Drone x2  
  11  0:22  Drone  
  16  0:44  Hatchery  
  15  0:51  Extractor  
  14  0:59  Overlord  
  14  1:17  Drone x3  
  17  1:32  Spawning Pool, Drone  
  17  1:39  Drone  
  18  1:51  Drone  
  19  2:18  Queen  
  19  2:20  Queen  
  19  2:21  Metabolic Boost  
  23  2:23  Drone, Zergling x8  
  28  2:50  Overlord x2  
  28  3:10  Drone x5  
  28  3:11  Drone  
  34  3:26  Zergling x4  
  34  3:39  Zergling x10  
  38  3:57  Hatchery  
  38  3:58  Extractor  
  38  3:59  Extractor  
  38  4:01  Drone, Extractor  
  38  4:02  Drone x3  
  38  4:09  Drone x2  
  40  4:21  Drone  
  40  4:22  Drone x3  
  40  4:23  Overlord  
  36  5:03  Spine Crawler  
  36  5:05  Spine Crawler  
  36  5:06  Zergling x8  
  36  5:07  Zergling x2  
  39  5:12  Drone x3  
  39  5:13  Drone x3  
  46  5:14  Zergling x4  
  46  5:19  Queen  
  49  5:23  Lair  
  49  5:27  Drone x2  
  51  5:29  Drone, Evolution Chamber  
  51  5:31  Queen  
  51  5:32  Drone  
  54  5:48  Drone x3  
  54  5:49  Drone  
  58  5:56  Spore Crawler  
  57  5:58  Spore Crawler  
  57  6:01  Spore Crawler  
  57  6:02  Spore Crawler  
  54  6:07  Spore Crawler  
  54  6:09  Spore Crawler  
  52  6:34  Hydralisk Den  
  52  6:39  Overlord x2  
  51  6:42  Pneumatized Carapace  
  51  7:02  Hydralisk x2  
  51  7:03  Hydralisk x2  
  51  7:06  Overlord x3  
  58  7:29  Hydralisk x5  
  62  7:30  Hydralisk x3  
  74  7:39  Drone x5  
  74  7:41  Drone x2  
  81  7:45  Hatchery  
  81  7:46  Hydralisk x2  
  84  8:00  Grooved Spines  
  84  8:02  Zerg Missile Weapons Level 1  
  77  8:22  Hydralisk x2  
  77  8:23  Hydralisk x2  
  84  8:46  Evolution Chamber  
  84  8:47  Infestation Pit  
  82  8:51  Muscular Augments  
  82  9:01  Zergling x10  
  82  9:02  Zergling x2  
  88  9:09  Drone x2  
  90  9:13  Overlord x4  
  90  9:30  Queen  
  62  9:43  Hydralisk x5  
  62  9:44  Hydralisk x4  
  76  9:50  Spine Crawler x2  
  72  10:15  Hydralisk  
  72  10:16  Hydralisk x5  
  72  10:17  Hydralisk  
  72  10:18  Zerg Missile Weapons Level 2  
  72  10:19  Zerg Ground Armor Level 1  
  86  10:23  Drone  
  87  10:41  Hydralisk x3  
  87  10:42  Hydralisk x2  
  97  10:45  Hive  
  97  11:08  Hydralisk x4  
  97  11:09  Hydralisk  
  107  11:22  Overlord x3, Extractor x2  
  107  11:24  Hatchery  
  104  11:59  Ultralisk Cavern  
  104  12:00  Infestor x4  
  111  12:01  Infestor  
  111  12:07  Zergling x4  
  111  12:08  Zergling x6  
  118  12:24  Zerg Ground Armor Level 2  
  118  12:40  Queen  
  118  12:43  Drone x6, Spore Crawler  
  118  12:44  Drone x6  
  128  12:45  Drone x2  
  133  13:01  Spore Crawler  
  132  13:07  Ultralisk  
  132  13:11  Zerg Missile Weapons Level 3  
  138  13:14  Adrenal Glands  
  138  13:18  Chitinous Plating  
  136  14:01  Spore Crawler  
  136  14:02  Spore Crawler x2  
  133  14:03  Drone  
  133  14:04  Drone x3  
  133  14:05  Drone x2, Spore Crawler  
  133  14:07  Drone x6  
  133  14:08  Drone  
  145  14:23  Hatchery, Spire  
  143  14:24  Extractor  
  142  14:32  Extractor  
  142  14:37  Anabolic Synthesis  
  135  15:05  Ultralisk  
  135  15:06  Overlord  
  135  15:07  Overlord x4  
  74  15:45  Hydralisk x5  
  74  15:46  Hydralisk x6  
  74  15:47  Hydralisk x6  
  74  15:48  Hydralisk x3  
  108  15:56  Overseer x2  
  108  15:57  Overseer x2  
  108  16:19  Infestor x4  
  106  16:33  Infestor x2  
  106  16:34  Infestor x2  
  114  16:42  Drone x3  
  117  16:53  Infestor  
  113  17:06  Ultralisk  
  95  17:13  Hydralisk x2  
  95  17:14  Hydralisk  
  83  17:33  Hydralisk x3  
  36  17:52  Hydralisk x2  
  36  17:53  Hydralisk  
Show
View Real Time Build Order
Export as new Build Order

Саша Zerg 

Build Orders: Hatch First 

Get SALT Encoding   

  12  0:00  Drone  
  13  0:08  Drone  
  13  0:13  Extractor  
  13  0:16  Extractor  
  12  0:23  Drone x2  
  16  0:47  Hatchery  
  15  0:53  Extractor  
  14  1:02  Spawning Pool  
  13  1:07  Drone  
  14  1:43  Overlord x2  
  14  1:54  Metabolic Boost  
  14  1:59  Queen  
  14  2:01  Queen  
  18  2:07  Zergling x2  
  19  2:10  Zergling x2  
  19  2:14  Zergling x2  
  21  2:22  Zergling x2  
  22  2:48  Drone x2  
  24  3:01  Drone x5  
  29  3:17  Drone  
  29  3:18  Drone x4  
  33  3:40  Zergling x2  
  33  3:41  Zergling x2  
  35  3:53  Overlord  
  35  3:54  Overlord x2  
  35  4:00  Hatchery  
  34  4:03  Drone  
  34  4:06  Overlord  
  35  4:16  Drone x2  
  33  4:46  Overlord  
  33  4:50  Zergling x2  
  33  4:51  Zergling x20  
  44  4:55  Lair  
  44  5:04  Roach Warren, Extractor  
  42  5:07  Spine Crawler  
  42  5:09  Spine Crawler  
  40  5:17  Zergling x14  
  47  5:28  Drone  
  47  5:29  Drone x3  
  51  5:49  Burrow  
  51  5:50  Drone x2  
  51  5:52  Queen  
  51  5:55  Spore Crawler  
  46  6:08  Spore Crawler  
  46  6:10  Spore Crawler  
  44  6:21  Spore Crawler  
  43  6:25  Spore Crawler  
  42  6:33  Spore Crawler  
  42  6:34  Drone  
  42  6:49  Drone  
  42  6:50  Drone x2  
  45  7:01  Hydralisk Den  
  45  7:04  Drone  
  45  7:15  Spore Crawler  
  44  8:01  Drone x2  
  44  8:02  Drone x11  
  44  8:03  Spore Crawler  
  53  8:15  Hydralisk  
  53  8:16  Hydralisk  
  57  8:33  Drone x2  
  59  8:36  Drone  
  59  8:37  Drone x2  
  55  9:07  Hydralisk  
  55  9:08  Hydralisk x8  
  73  9:16  Baneling Nest  
  72  9:22  Spore Crawler, Drone  
  72  9:23  Drone, Spore Crawler  
  64  9:45  Roach x5  
  74  9:54  Extractor  
  74  9:55  Drone x2, Extractor  
  74  10:26  Overlord x5  
  74  10:49  Zergling x2  
  76  10:50  Zergling x16  
  76  10:52  Glial Reconstitution  
  83  10:59  Drone x4, Extractor  
  86  11:14  Baneling  
  86  11:15  Baneling x11  
  86  11:16  Baneling x3  
  86  11:23  Drone  
  86  11:24  Drone x10  
  89  11:55  Hatchery  
  89  11:59  Drone x4  
  89  12:00  Drone x3  
  95  12:02  Spore Crawler  
  94  12:10  Tunneling Claws  
  94  12:19  Hydralisk  
  94  12:20  Hydralisk x5  
  106  12:23  Muscular Augments  
  106  12:33  Evolution Chamber  
  106  12:34  Evolution Chamber  
  104  12:44  Queen  
  106  12:51  Extractor  
  106  12:57  Drone x2  
  107  13:04  Overlord x4  
  107  13:09  Pneumatized Carapace  
  107  13:15  Overseer  
  107  13:17  Overseer  
  107  13:18  Drone x2  
  109  13:20  Spore Crawler  
  109  13:23  Spore Crawler  
  91  13:39  Drone  
  91  13:40  Drone x4  
  96  13:58  Spore Crawler  
  96  13:59  Spore Crawler  
  96  14:01  Spore Crawler  
  93  14:03  Zerg Missile Weapons Level 1  
  93  14:04  Zerg Ground Armor Level 1  
  93  14:06  Drone x5  
  98  14:23  Spore Crawler  
  97  14:30  Spore Crawler  
  96  14:39  Centrifugal Hooks, Hatchery  
  96  14:41  Grooved Spines  
  95  15:02  Spire  
  95  15:05  Spire  
  93  15:08  Zergling x24  
  105  15:47  Hydralisk x2  
  105  15:48  Hydralisk x6  
  121  15:58  Overseer  
  121  15:59  Overseer  
  121  16:03  Zerg Missile Weapons Level 2, Zerg Ground Armor Level 2  
  118  16:43  Corruptor  
  118  16:44  Corruptor x8  
  136  16:53  Hydralisk  
  136  16:54  Hydralisk x2  
  142  17:04  Hydralisk x2  
  97  17:44  Hydralisk x8  
Tags
 
Add a new tag
Caveats
  • Supply blocks, unpowered buildings, or Contaminate may cause inaccurate times.
  • Supply counts are checked every 10 seconds.